 Dungeon Crawl Stone Soup version 0.27.1-33-g824d729ab1 (webtiles) character file.

Game seed: 8125846232682951309

382 unlimited1921 the Magician (level 7, 0/48 HPs)
             Began as a Djinni Fire Elementalist on Dec 3, 2021.
             Slain by a black bear (5 damage)
             ... on level 4 of the Dungeon.
             The game lasted 00:19:34 (9127 turns).

unlimited1921 the Magician (DjFE)                   Turns: 9127, Time: 00:19:34

Health: 0/48       AC:  4    Str:  7    XL:     7   Next: 5%
Gold:   159        EV: 14    Int: 18    God:
                   SH:  0    Dex: 26

rFire    + + .     SeeInvis .   n - +2 long sword (elec)
rCold    x . .     Faith    .   (no shield)
rNeg     . . .     Spirit   .   a - +0 robe
rPois    ∞         Reflect  .   (no helmet)
rElec    .         Harm     .   p - +1 cloak
rCorr    .         Rampage  .   (no gloves)
Will     .....                  (boots unavailable)
Stlth    +++.......             (no amulet)
HPRegen  0.16/turn              h - +6 ring of dexterity
MPRegen  0.00/turn              j - +6 ring of dexterity

@: flying
A: sickness immunity, fire resistance 2, cold vulnerability 1, float, innate
caster, hp casting, extra vitality 1
a: no special abilities


You were on level 4 of the Dungeon.
You visited 1 branch of the dungeon, and saw 4 of its levels.

You collected 159 gold pieces.

Inventory:

Hand Weapons
 c - a +0 flail
 d - a +1 dagger of electrocution
 f - a +0 whip
 n - a +2 long sword of electrocution (weapon)
 q - a +0 falchion
Missiles
 g - 34 arrows
Armour
 a - a +0 robe (worn)
 p - a +1 cloak (worn)
Jewellery
 h - a +6 ring of dexterity (left hand)
 j - a +6 ring of dexterity (right hand)
 l - a ring of see invisible
Scrolls
 i - a scroll of noise
 m - a scroll of fog
 o - a scroll of blinking
 s - a scroll of immolation
Potions
 b - a potion of curing {unknown}
 e - a potion of mutation


   Skills:
 * Level 1.9 Fighting
 - Level 0.1 Maces & Flails
 + Level 2.9 Dodging
 + Level 2.8 Stealth
 + Level 4.7 Spellcasting


You couldn't memorise any spells.
You knew the following spells:

 Your Spells              Type           Power      Damage    Failure   Level
a - Foxfire               Conj/Fire      84%        2x1d8     1%          1
b - Conjure Flame         Conj/Fire      21%        6-21      6%          3
c - Inner Flame           Hex/Fire       21%        N/A       6%          3
d - Sticky Flame          Conj/Fire      21%        2d4       19%         4
e - Fireball              Conj/Fire      10%        3d6       47%         5
f - Sting                 Tmut/Pois      84%        1d7       1%          1
g - Poisonous Vapours     Pois/Air       42%        N/A       3%          2
h - Dazzling Flash        Conj/Hex       42%        N/A       6%          3
Your spell library was empty.

Dungeon Overview and Level Annotations

Branches:
Dungeon (4/15)
 Temple: D:4-7

Altars:
Nemelex Xobeh
Ru
Sif Muna


Innate Abilities, Weirdness & Mutations

You are immune to sickness and miasma.
You are immune to poison.
Your flesh is very heat resistant. (rF++)
You are vulnerable to cold. (rC-)
You float through the air rather than walking.
You learn spells naturally, not from books.
Your magical power is your life essence.
You have superior vitality. (+4 HP)


Message History

You are too injured to fight recklessly!
You are too injured to fight recklessly!
You are too injured to fight recklessly!
Unknown command.
Unknown command.
Casting: Foxfire (safe; 1% risk of failure)
Press: ? - help, Q - select action, (/) - cycle Dir - look around, f - activate
Okay, then.
Unknown command.
Unknown command.
Casting: Foxfire (safe; 1% risk of failure)
Press: ? - help, Q - select action, (/) - cycle Dir - look around, f - activate
Okay, then.
Unknown command.
Unknown command.
Unknown command.
Casting: Foxfire (safe; 1% risk of failure)
Confirm with . or Enter, or press ? or * to list all spells.
You conjure some foxfire!
The black bear bites you! The black bear closely misses you. x2
The foxfire hits the black bear but does no damage.
The black bear is almost dead.
The foxfire hits the black bear but does no damage.
The black bear is almost dead.
The black bear bites you.
* * * LOW HITPOINT WARNING * * *
The black bear barely misses you.
The black bear claws you but does no damage.
Casting: Foxfire (safe; 1% risk of failure)
Confirm with . or Enter, or press ? or * to list all spells.
You conjure some foxfire!
* * * LOW HITPOINT WARNING * * *
The black bear bites you.
* * * LOW HITPOINT WARNING * * *
The black bear claws you.
* * * LOW HITPOINT WARNING * * *
The black bear barely misses you. The black bear bites you.
* * * LOW HITPOINT WARNING * * *
The black bear claws you.
You die...

..### #..........# ###
#..........# ##.#.......#
### #.........#
####.####........#
#.....##.)......##
......#..##....#########
........## #....v.......
.......## ###.@§####
.......## ##vh#...###
........## #.........###
..).....>.####...........##
..................†.......##
............................
...............###..........
..#.......>....# ###......≈§
###............# ##...≈..≈


You could see a black bear (berserk, ally target).

Vanquished Creatures
  Purgy (D:3)
  An ogre (D:4)
  A scorpion (D:4)
  6 adders
  2 worms
  5 orcs
  9 bats
  7 endoplasms
  4 giant cockroaches (D:1)
  5 goblins
  10 hobgoblins
  6 kobolds
  3 quokkas
  8 ball pythons
  7 frilled lizards
  3 rats
78 creatures vanquished.

Vanquished Creatures (others)
  261 foxfires
261 creatures vanquished.

Grand Total: 339 creatures vanquished

Notes
Turn   | Place    | Note
-------+----------+-------------------------------------------
     0 | D:1      | unlimited1921 the Djinni Fire Elementalist began the quest
                  | for the Orb.
     0 | D:1      | Reached XP level 1. HP: 15/15 MP: 0/0
  1214 | D:1      | Reached XP level 2. HP: 19/21 MP: 0/0
  2386 | D:1      | Reached skill level 3 in Spellcasting
  2589 | D:1      | Reached XP level 3. HP: 23/25 MP: 0/0
  2589 | D:1      | Learned a level 1 spell: Sting
  3756 | D:2      | Reached XP level 4. HP: 27/31 MP: 0/0
  4083 | D:2      | Found a faded altar of an unknown god.
  5983 | D:3      | Reached XP level 5. HP: 32/35 MP: 0/0
  5983 | D:3      | Learned a level 2 spell: Poisonous Vapours
  6576 | D:3      | Found a sparkling altar of Nemelex Xobeh.
  7012 | D:3      | Noticed Purgy
  7019 | D:3      | Killed Purgy
  7020 | D:3      | Reached skill level 1 in Fighting
  7020 | D:3      | Reached skill level 4 in Spellcasting
  7020 | D:3      | Reached XP level 6. HP: 39/42 MP: 0/0
  7836 | D:4      | Noticed an ogre
  7842 | D:4      | Killed an ogre
  8416 | D:4      | Reached XP level 7. HP: 32/48 MP: 0/0
  8416 | D:4      | Learned a level 3 spell: Dazzling Flash
  8885 | D:4      | Found a sacrificial altar of Ru.
  9127 | D:4      | Slain by a black bear

Illustrated notes

Levels and vault maps discovered:
D:1:      wheals_arrival_linesprint, layout_basic
D:2:      layout_loops_ring, basic_altar,
          hellmonk_ecumenical_altar_slurped_away, minmay_misc_feat_five,
          minmay_split_cup_large
D:3:      layout_loops_cross, mainiacjoe_overflow_surrounded_room,
          corexii_leaking_fountain, uniq_purgy
D:4:      layout_cave_pods, mainiacjoe_overflow_small_starburst,
          lemuel_round_altar, nicolae_yredelemnul_ghost_church, uniq_edmund

Skill      XL: |  1  2  3  4  5 |
---------------+----------------+-----
Spellcasting   | 3 4 |  4.7
Stealth        | 2 |  2.8
Fighting       | 1 |  1.9
Maces & Flails | |  0.1
Dodging        | |  2.9

Action                   |  1- 3 |  4- 6 |  7- 9 || total
-------------------------+-------+-------+-------++-------
Melee: Flail             |     2 |    11 |       ||    13
       Long sword        |       |     4 |     2 ||     6
 Cast: Foxfire           |    54 |    87 |    23 ||   164
  Use: Scroll            |       |     8 |     1 ||     9
Armor: Robe              |    12 |     5 |     3 ||    20
Dodge: Dodged            |    29 |    10 |     8 ||    47
       Rpst.: Long sword |       |     1 |       ||     1
